Map: Romanticide LE

Players

MysteryMan (Rilakkuma)

  • Race: Zerg Zerg
  • Spawn Location: 5:00

Rex - Winner!

  • Race: Zerg Zerg
  • League: Master
  • Spawn Location: 11:00

Event: DreamHack SC2 Masters 2020 Winter

VOD

Have the link to the VOD?

Description

Time

  • Played on: Oct. 21, 2020, 8:38 a.m.
  • Length: 7:56

All games in this series

Show
View Real Time Build Order
Export as new Build Order

MysteryMan Zerg 

Build Orders: Pool First 

Get SALT Encoding   

  12  0:00  Drone  
  13  0:12  Overlord  
  13  0:16  Drone  
  14  0:30  Drone x2  
  16  0:41  Spawning Pool  
  15  0:43  Drone  
  15  0:47  Drone  
  17  1:09  Hatchery  
  17  1:11  Drone  
  17  1:25  Extractor  
  16  1:28  Zergling x6  
  16  1:30  Queen  
  21  1:38  Overlord  
  21  1:49  Drone  
  22  2:00  Drone  
  23  2:06  Queen  
  25  2:11  Zergling x2  
  26  2:21  Zergling x2  
  27  2:22  Queen  
  27  2:27  Drone  
  30  2:33  Drone x2  
  31  2:40  Drone x2  
  31  2:42  Drone  
  31  2:43  Drone  
  33  2:48  Overlord  
  33  2:53  Drone  
  33  2:56  Drone  
  35  3:06  Evolution Chamber, Queen  
  35  3:08  Drone x2  
  38  3:16  Lair  
  38  3:18  Drone  
  39  3:25  Roach Warren  
  38  3:28  Drone  
  38  3:30  Drone  
  40  3:34  Zerg Missile Weapons Level 1  
  40  3:36  Drone  
  40  3:41  Overlord  
  41  3:42  Drone  
  41  3:47  Extractor  
  41  3:48  Drone, Extractor  
  41  3:52  Drone x2  
  41  3:54  Drone  
  44  3:59  Drone x3  
  44  4:01  Drone  
  47  4:08  Roach x2  
  51  4:14  Glial Reconstitution  
  51  4:22  Overlord x2  
  51  4:34  Evolution Chamber  
  50  4:42  Roach x6  
  62  4:48  Overlord  
  62  4:50  Roach x2  
  66  4:55  Overlord  
  66  5:09  Roach x4  
  74  5:18  Overlord  
  73  5:23  Hatchery  
  73  5:28  Roach x2  
  76  5:33  Overlord  
  76  5:36  Roach x2  
  80  5:46  Roach x3  
  74  5:59  Roach x5  
  74  6:00  Drone  
  83  6:11  Drone x3  
  84  6:15  Drone x2  
  84  6:16  Drone  
  89  6:25  Overlord  
  89  6:32  Overseer  
  87  6:38  Roach x5  
  96  6:45  Drone  
  96  6:47  Drone x2  
  96  6:48  Drone x2  
  96  6:50  Overlord  
  96  6:51  Drone  
  101  6:56  Drone  
  102  7:04  Drone x2  
  104  7:08  Overlord  
  104  7:10  Overlord  
  104  7:18  Roach x2  
  104  7:21  Ravager x2  
  114  7:22  Roach x2  
  114  7:27  Overlord  
  114  7:30  Roach  
  114  7:31  Roach x5  
Show
View Real Time Build Order
Export as new Build Order

Rex Zerg - Winner!

Build Orders: Pool First 

Get SALT Encoding   

  12  0:00  Drone  
  13  0:12  Overlord  
  13  0:16  Drone  
  14  0:30  Drone  
  14  0:31  Drone  
  16  0:40  Spawning Pool  
  15  0:44  Drone  
  15  0:48  Drone  
  17  1:08  Hatchery  
  17  1:11  Drone  
  17  1:25  Extractor  
  16  1:27  Zergling x4  
  16  1:28  Zergling x2  
  16  1:31  Queen  
  21  1:39  Overlord  
  21  1:50  Drone  
  22  2:01  Drone  
  22  2:07  Queen  
  25  2:12  Drone  
  26  2:20  Queen  
  26  2:21  Drone  
  26  2:22  Drone  
  30  2:31  Drone, Metabolic Boost  
  31  2:37  Drone  
  31  2:43  Drone x2  
  33  2:51  Overlord  
  33  2:54  Drone  
  34  3:01  Overlord  
  33  3:15  Hatchery  
  32  3:22  Drone x2  
  32  3:23  Drone x2  
  36  3:28  Drone  
  36  3:29  Drone  
  38  3:35  Drone x2  
  38  3:36  Overlord  
  38  3:39  Drone  
  41  3:43  Drone  
  42  3:50  Drone  
  43  3:55  Evolution Chamber  
  43  3:56  Roach Warren  
  41  4:05  Zergling x14  
  48  4:10  Overlord  
  48  4:13  Zergling x4  
  48  4:16  Overlord  
  50  4:22  Zerg Missile Weapons Level 1  
  49  4:27  Drone x4  
  53  4:33  Drone x3  
  53  4:36  Drone  
  53  4:38  Extractor x2  
  56  4:40  Drone  
  56  4:41  Drone  
  56  4:42  Drone  
  56  4:45  Drone  
  59  4:48  Drone x2  
  61  4:56  Drone  
  61  4:57  Lair  
  62  5:00  Extractor  
  62  5:04  Drone x2  
  62  5:08  Drone  
  62  5:12  Overlord  
  62  5:13  Roach x4  
  71  5:15  Zergling x2  
  71  5:16  Roach, Zergling x2  
  71  5:18  Roach  
  75  5:22  Zergling x2, Roach  
  75  5:28  Spine Crawler, Overlord  
  77  5:31  Roach  
  77  5:33  Roach  
  77  5:35  Roach  
  83  5:37  Roach  
  83  5:40  Roach  
  86  5:45  Roach x2  
  86  5:46  Roach  
  86  5:51  Roach  
  86  5:54  Zergling x8  
  85  5:58  Roach x2  
  85  6:01  Roach  
  89  6:05  Glial Reconstitution  
  89  6:08  Roach x2  
  93  6:12  Roach  
  93  6:13  Roach  
  93  6:16  Overlord  
  93  6:18  Overlord  
  97  6:30  Overlord  
  97  6:31  Overlord x2  
  97  6:34  Overlord x2  
  99  6:40  Roach x2  
  99  6:43  Roach x2  
  104  6:49  Ravager  
  104  6:51  Roach x4  
  104  6:53  Ravager x2  
  115  7:02  Roach  
  115  7:03  Roach x3  
  115  7:06  Overlord  
  123  7:10  Roach x2  
  123  7:13  Roach x2  
  123  7:15  Ravager  
  132  7:19  Overlord  
  132  7:27  Roach  
  132  7:28  Roach x3  
Tags
 
Add a new tag
Caveats
  • Supply blocks, unpowered buildings, or Contaminate may cause inaccurate times.
  • Supply counts are checked every 10 seconds.